MWL (24 & UNDER)
MANHATTEN MEATHEADS @ BARRY'S BAY ORIOLES
07/17/2023
 
TOP OF THE 1ST
Manhatten Meatheads batting - Pitching for Barry's Bay Orioles : RHP Dan Harris
Pitching: RHP Dan Harris
Batting: RHB Mitch Thomas 0-0: Called Strike
0-1: Foul Ball, location: 2F
0-2: SINGLE (Line Drive, 56D)
Batting: RHB Kyle O'Day 0-0: Called Strike
0-1: Ball
1-1: Called Strike
1-2: DOUBLE (Line Drive, 78M)
Mitch Thomas to third
Batting: LHB Dave Watt 0-0: Called Strike
0-1: Ball
1-1: SINGLE (Groundball, 25) (infield hit)
Batting: RHB William Moore 0-0: Swinging Strike
0-1: Ball
1-1: Ball
2-1: Ball
3-1: Base on Balls
Mitch Thomas scores
Kyle O'Day to third
Dave Watt to second
Batting: LHB Ed Murray 0-0: SINGLE (Groundball, 4MD)
Kyle O'Day scores
Dave Watt to third
William Moore to second
Batting: RHB Ben Morton 0-0: Foul Ball, location: 2F
0-1: Foul Ball, location: 2F
0-2: Fly out, F9 (Flyball, 9LMF)
Runner from 3rd tags up, SCORES, no throw
Batting: RHB Juan Reyes 0-0: Foul Ball, location: 2F
0-1: Fly out, F3 (Popup, 3S)
Batting: RHB Júlio Galló 0-0: Swinging Strike
0-1: Called Strike
0-2: Ball
1-2: Strikes out swinging
Top of the 1st over - 3 run(s), 4 hit(s), 0 error(s), 2 left on base; Manhatten 3 - Barry's Bay 0
BOTTOM OF THE 1ST
Barry's Bay Orioles batting - Pitching for Manhatten Meatheads : RHP Rafael Ramírez
Pitching: RHP Rafael Ramírez
Batting: LHB Javier Orozco 0-0: Ball
1-0: Swinging Strike
1-1: Called Strike
1-2: Ball
2-2: Ball
3-2: Strikes out looking
Batting: RHB Jeff Stevenson 0-0: Ball
1-0: Ball
2-0: Ball
3-0: Called Strike
3-1: SINGLE (Groundball, 34D)
Batting: LHB Joaquín González 0-0: Ball
1-0: Ball
2-0: Called Strike
2-1: Ball
3-1: Base on Balls
Jeff Stevenson to second
Batting: RHB Paul Spencer 0-0: Swinging Strike
0-1: SINGLE (Groundball, 56)
Jeff Stevenson to third
Joaquín González to second
Runner from 3rd tries for Home, SAFE, throw made at trailing runner, SAFE at third!
Batting: RHB Enrico Ramos 0-0: Ball
1-0: Foul Ball, location: 2F
1-1: Ball
2-1: SINGLE (Line Drive, 78S)
Joaquín González scores
Paul Spencer to second
Batting: RHB Pedro Molina 0-0: Ball
1-0: Ball
2-0: Fly out, F8 (Flyball, 8RM)
Batting: RHB Jonathan Montgomery 0-0: Ball
1-0: Swinging Strike
1-1: Called Strike
1-2: Ball
2-2: Fielders Choice at 2nd, U6 (Groundball, 6M)
Bottom of the 1st over - 2 run(s), 3 hit(s), 0 error(s), 2 left on base; Manhatten 3 - Barry's Bay 2
TOP OF THE 2ND
Manhatten Meatheads batting - Pitching for Barry's Bay Orioles : RHP Dan Harris
Batting: RHB Stanley Robbins 0-0: Ball
1-0: Foul Ball, location: 2F
1-1: Foul Ball, location: 2F
1-2: Ball
2-2: Ground out 6-3 (Groundball, 6)
Batting: RHB Mitch Thomas 0-0: Fly out, F9 (Flyball, 9LM)
Batting: RHB Kyle O'Day 0-0: Called Strike
0-1: Ball
1-1: Foul Ball, location: 2F
1-2: Ball
2-2: Strikes out looking
Top of the 2nd over - 0 run(s), 0 hit(s), 0 error(s), 0 left on base; Manhatten 3 - Barry's Bay 2
BOTTOM OF THE 2ND
Barry's Bay Orioles batting - Pitching for Manhatten Meatheads : RHP Rafael Ramírez
Batting: LHB Carlos Barrios 0-0: Ball
1-0: Called Strike
1-1: Ball
2-1: Foul Ball, location: 2F
2-2: DOUBLE (Flyball, 8RM)
Batting: RHB Curt Wagner 0-0: Called Strike
0-1: Ball
1-1: Swinging Strike
1-2: Ball
2-2: Foul Ball, location: 2F
2-2: Strikes out looking
Batting: LHB Javier Orozco 0-0: Ball
1-0: Ball
2-0: SINGLE (Groundball, 34D)
Carlos Barrios to third
Batting: RHB Jeff Stevenson 0-0: Ball
Pickoff Throw to First - Out!
1-0: Foul Ball, location: 2F
1-1: Ball
2-1: Swinging Strike
2-2: Foul Ball, location: 2F
2-2: Ball
3-2: Strikes out swinging
Bottom of the 2nd over - 0 run(s), 2 hit(s), 0 error(s), 1 left on base; Manhatten 3 - Barry's Bay 2
TOP OF THE 3RD
Manhatten Meatheads batting - Pitching for Barry's Bay Orioles : RHP Dan Harris
Batting: LHB Dave Watt 0-0: Called Strike
0-1: Swinging Strike
0-2: Strikes out swinging
Batting: RHB William Moore 0-0: Swinging Strike
0-1: Ball
1-1: SINGLE (Flyball, 7S)
Batting: LHB Ed Murray 0-0: Ball
1-0: Swinging Strike
1-1: Swinging Strike
1-2: Ball
2-2: Foul Ball, location: 2F
2-2: Foul Ball, location: 2F
2-2: Fly out, F9 (Line Drive, 9LS)
Batting: RHB Ben Morton 0-0: Ball
William Moore is caught stealing 2nd base
Top of the 3rd over - 0 run(s), 1 hit(s), 0 error(s), 0 left on base; Manhatten 3 - Barry's Bay 2
BOTTOM OF THE 3RD
Barry's Bay Orioles batting - Pitching for Manhatten Meatheads : RHP Rafael Ramírez
Batting: LHB Joaquín González 0-0: Fly out, F8 (Flyball, 8LM)
Batting: RHB Paul Spencer 0-0: Foul Ball, location: 2F
0-1: Foul Ball, location: 2F
0-2: Ball
1-2: Ball
2-2: Foul Ball, location: 2F
2-2: Strikes out swinging
Batting: RHB Enrico Ramos 0-0: Ball
1-0: Called Strike
1-1: Ball
2-1: Foul Ball, location: 2F
2-2: Fly out, F8 (Flyball, 78S)
Bottom of the 3rd over - 0 run(s), 0 hit(s), 0 error(s), 0 left on base; Manhatten 3 - Barry's Bay 2
TOP OF THE 4TH
Manhatten Meatheads batting - Pitching for Barry's Bay Orioles : RHP Dan Harris
Batting: RHB Ben Morton 0-0: Called Strike
0-1: Fly out, F3 (Popup, 3F)
Batting: RHB Juan Reyes 0-0: Ball
1-0: Ball
2-0: Called Strike
2-1: Foul Ball, location: 2F
2-2: Ball
3-2: Strikes out swinging
Batting: RHB Júlio Galló 0-0: Swinging Strike
0-1: Ball
1-1: Ball
2-1: Ball
3-1: Base on Balls
Batting: RHB Stanley Robbins 0-0: Ball
1-0: Ball
2-0: Called Strike
2-1: Foul Ball, location: 2F
2-2: Strikes out looking
Top of the 4th over - 0 run(s), 0 hit(s), 0 error(s), 1 left on base; Manhatten 3 - Barry's Bay 2
BOTTOM OF THE 4TH
Barry's Bay Orioles batting - Pitching for Manhatten Meatheads : RHP Rafael Ramírez
Batting: RHB Pedro Molina 0-0: Ball
1-0: Ball
2-0: Ball
3-0: Called Strike
3-1: Base on Balls
Batting: RHB Jonathan Montgomery 0-0: Swinging Strike
0-1: Foul Ball, location: 2F
0-2: Ball
1-2: Ball
2-2: Foul Ball, location: 2F
2-2: Strikes out looking
Batting: LHB Carlos Barrios 0-0: Ball
1-0: Ball
2-0: Foul Ball, location: 2F
2-1: Swinging Strike
Balk!
Pedro Molina to second
2-2: Strikes out swinging
Batting: RHB Curt Wagner 0-0: Ball
1-0: Called Strike
1-1: Ball
2-1: Foul Ball, location: 2F
2-2: Foul Ball, location: 2F
2-2: Strikes out swinging
Bottom of the 4th over - 0 run(s), 0 hit(s), 0 error(s), 1 left on base; Manhatten 3 - Barry's Bay 2
TOP OF THE 5TH
Manhatten Meatheads batting - Pitching for Barry's Bay Orioles : RHP Dan Harris
Batting: RHB Mitch Thomas 0-0: Called Strike
0-1: Ball
1-1: Ball
2-1: Called Strike
2-2: Ball
3-2: Strikes out looking
Batting: RHB Kyle O'Day 0-0: Ball
1-0: Ball
2-0: Ball
3-0: Called Strike
3-1: Base on Balls
Batting: LHB Dave Watt 0-0: Called Strike
Kyle O'Day is caught stealing 2nd base
0-1: Ball
1-1: Ball
2-1: Ball
3-1: Base on Balls
Batting: RHB William Moore 0-0: SINGLE (Line Drive, 78S)
Dave Watt to second
Pitching: RHP Wilson Molina
Batting: LHB Ed Murray 0-0: Foul Ball, location: 2F
0-1: Ball
1-1: SINGLE (Groundball, 3D)
Dave Watt to third
William Moore to second
Runner from 3rd tries for Home, SAFE, no throw or cutoff
Batting: RHB Ben Morton 0-0: Ball
1-0: Swinging Strike
1-1: Swinging Strike
1-2: Ball
2-2: Fly out, F6 (Popup, 4M)
Top of the 5th over - 1 run(s), 2 hit(s), 0 error(s), 2 left on base; Manhatten 4 - Barry's Bay 2
BOTTOM OF THE 5TH
Barry's Bay Orioles batting - Pitching for Manhatten Meatheads : RHP Rafael Ramírez
Pitching: LHP Juan Mendoza
Batting: LHB Javier Orozco 0-0: Ball
1-0: Called Strike
1-1: Foul Ball, location: 2F
1-2: Ball
2-2: Strikes out swinging
Batting: RHB Jeff Stevenson 0-0: Called Strike
0-1: Ball
1-1: Foul Ball, location: 2F
1-2: Strikes out swinging
Batting: LHB Joaquín González 0-0: Ball
1-0: Foul Ball, location: 2F
1-1: Ball
2-1: Swinging Strike
2-2: Fly out, F7 (Flyball, 7LM)
Bottom of the 5th over - 0 run(s), 0 hit(s), 0 error(s), 0 left on base; Manhatten 4 - Barry's Bay 2
TOP OF THE 6TH
Manhatten Meatheads batting - Pitching for Barry's Bay Orioles : RHP Wilson Molina
Batting: RHB Juan Reyes 0-0: Ball
1-0: Foul Ball, location: 2F
1-1: Foul Ball, location: 2F
1-2: Foul Ball, location: 2F
1-2: Foul Ball, location: 2F
1-2: Strikes out looking
Batting: RHB Júlio Galló 0-0: Ball
1-0: Ball
2-0: Foul Ball, location: 2F
2-1: SINGLE (Groundball, 56)
Batting: RHB Stanley Robbins 0-0: Ball
1-0: Ball
2-0: Swinging Strike
2-1: Ball
3-1: Fly out, F8 (Flyball, 78D)
Batting: RHB Mitch Thomas 0-0: Ball
1-0: Called Strike
1-1: Ball
2-1: Ball
3-1: Base on Balls
Júlio Galló to second
Pitching: RHP Chad Weber
Batting: RHB Kyle O'Day 0-0: Swinging Strike
0-1: Foul Ball, location: 2F
0-2: Ball
1-2: Ball
2-2: Foul Ball, location: 2F
2-2: Strikes out swinging
Top of the 6th over - 0 run(s), 1 hit(s), 0 error(s), 2 left on base; Manhatten 4 - Barry's Bay 2
BOTTOM OF THE 6TH
Barry's Bay Orioles batting - Pitching for Manhatten Meatheads : LHP Juan Mendoza
Batting: RHB Paul Spencer 0-0: Ball
1-0: Called Strike
1-1: Ball
2-1: Ball
3-1: Called Strike
3-2: Foul Ball, location: 2F
3-2: Foul Ball, location: 2F
3-2: Base on Balls
Batting: RHB Enrico Ramos 0-0: Grounds into double play, 4-6-3 (Groundball, 4)
Batting: RHB Pedro Molina 0-0: Foul Ball, location: 2F
0-1: Ball
1-1: Fly out, F9 (Flyball, 89S)
Bottom of the 6th over - 0 run(s), 0 hit(s), 0 error(s), 0 left on base; Manhatten 4 - Barry's Bay 2
TOP OF THE 7TH
Manhatten Meatheads batting - Pitching for Barry's Bay Orioles : RHP Chad Weber
Batting: LHB Dave Watt 0-0: Ball
1-0: SINGLE (Groundball, 56D)
Batting: RHB William Moore 0-0: Called Strike
0-1: Ball
1-1: Ball
2-1: Fly out, F9 (Line Drive, 9LM)
Pitching: LHP Ben Turner
Batting: LHB Ed Murray 0-0: Ball
1-0: Foul Ball, location: 2F
1-1: Foul Ball, location: 2F
1-2: Strikes out looking
Pitching: RHP John Wells
Batting: RHB Ben Morton 0-0: Ball
Dave Watt is caught stealing 2nd base
Top of the 7th over - 0 run(s), 1 hit(s), 0 error(s), 0 left on base; Manhatten 4 - Barry's Bay 2
BOTTOM OF THE 7TH
Barry's Bay Orioles batting - Pitching for Manhatten Meatheads : LHP Juan Mendoza
Pitching: RHP Víctor Viña
Batting: RHB Jonathan Montgomery 0-0: Ball
1-0: Called Strike
1-1: Called Strike
1-2: Strikes out swinging
Batting: LHB Carlos Barrios 0-0: Swinging Strike
0-1: Called Strike
0-2: Strikes out swinging
Batting: RHB Curt Wagner 0-0: Ball
1-0: Called Strike
1-1: SINGLE (Groundball, 56)
Batting: LHB Javier Orozco 0-0: Called Strike
0-1: Ball
1-1: Fly out, F6 (Popup, 6D)
Bottom of the 7th over - 0 run(s), 1 hit(s), 0 error(s), 1 left on base; Manhatten 4 - Barry's Bay 2
TOP OF THE 8TH
Manhatten Meatheads batting - Pitching for Barry's Bay Orioles : RHP John Wells
Batting: RHB Ben Morton 0-0: Ball
1-0: Called Strike
1-1: Ball
2-1: Called Strike
2-2: Ball
3-2: Strikes out swinging
Batting: RHB Juan Reyes 0-0: Called Strike
0-1: Ball
1-1: Ball
2-1: Ball
3-1: Base on Balls
Batting: RHB Júlio Galló 0-0: Ball
1-0: Called Strike
1-1: Swinging Strike
1-2: Foul Ball, location: 2F
1-2: Strikes out swinging
Batting: RHB Stanley Robbins 0-0: Ball
1-0: Ball
2-0: Ball
3-0: Base on Balls
Juan Reyes to second
Batting: RHB Mitch Thomas 0-0: Ground out 6-3 (Groundball, 6)
Top of the 8th over - 0 run(s), 0 hit(s), 0 error(s), 2 left on base; Manhatten 4 - Barry's Bay 2
BOTTOM OF THE 8TH
Barry's Bay Orioles batting - Pitching for Manhatten Meatheads : RHP Víctor Viña
Now at 3B: Ramón Ybarra
Batting: RHB Jeff Stevenson 0-0: Ball
1-0: Foul Ball, location: 2F
1-1: Ball
2-1: Fly out, F5 (Line Drive, 5S)
Batting: LHB Joaquín González 0-0: Ground out U3 (Groundball, 3S)
Batting: RHB Paul Spencer 0-0: Foul Ball, location: 2F
0-1: Ball
1-1: Swinging Strike
1-2: Ball
2-2: Foul Ball, location: 2F
2-2: Strikes out looking
Bottom of the 8th over - 0 run(s), 0 hit(s), 0 error(s), 0 left on base; Manhatten 4 - Barry's Bay 2
TOP OF THE 9TH
Manhatten Meatheads batting - Pitching for Barry's Bay Orioles : RHP John Wells
Pitching: RHP Luis Pérez
Batting: RHB Kyle O'Day 0-0: Called Strike
0-1: Foul Ball, location: 2F
0-2: Ball
1-2: Strikes out looking
Batting: LHB Dave Watt 0-0: Foul Ball, location: 2F
0-1: Ball
1-1: Foul Ball, location: 2F
1-2: Hit by Pitch
Batting: RHB William Moore 0-0: SINGLE (Line Drive, 56)
Dave Watt to second
Batting: LHB Ed Murray 0-0: Called Strike
Dave Watt steals 3rd base
William Moore to second
0-1: Ground out 5-3 (Groundball, 56S)
Batting: RHB Ben Morton 0-0: Ball
1-0: Foul Ball, location: 2F
1-1: Called Strike
1-2: Ball
2-2: Ball
3-2: Ground out 6-3 (Groundball, 56)
Top of the 9th over - 0 run(s), 1 hit(s), 0 error(s), 2 left on base; Manhatten 4 - Barry's Bay 2
BOTTOM OF THE 9TH
Barry's Bay Orioles batting - Pitching for Manhatten Meatheads : RHP Víctor Viña
Pitching: RHP Mario Tovar
Now in CF: Mark McDonald
Batting: RHB Enrico Ramos 0-0: Foul Ball, location: 2F
0-1: Ball
1-1: Ball
2-1: Ball
3-1: Called Strike
3-2: DOUBLE (Flyball, 89D)
Batting: RHB Pedro Molina 0-0: Called Strike
0-1: Ground out 6-3 (Groundball, 6)
Enrico Ramos to third
Pinch Hitting: RHB Juan Velásquez 0-0: Ball
1-0: Swinging Strike
1-1: Ball
2-1: Ball
3-1: Fly out, F1 (Popup, 56S)
Batting: LHB Carlos Barrios 0-0: SINGLE (Line Drive, 4D)
Enrico Ramos scores
Pinch Hitting: LHB John Horton 0-0: Called Strike
0-1: Ball
1-1: 2-RUN HOME RUN (Flyball, 89XD), Distance : 381 ft
This league is powered by Out of the Park Baseball, the baseball management simulation game for PC, Mac and Linux
Wednesday, December 2nd, 2015 - OOTP Baseball 16.8 Build 38